 Dungeon Crawl Stone Soup version 0.24-a0-70-gf44d0c5 (webtiles) character file.

Game seed: 11795112198146685438

1234 galech the Chopper (level 8, -9/61 HPs)
             Began as a Demonspawn Fighter on Feb 6, 2019.
             Mangled by an orc warrior
             ... wielding a +0 halberd
              (12 damage)
             ... on level 6 of the Dungeon.
             The game lasted 00:06:35 (4757 turns).

galech the Chopper (Demonspawn Fighter)             Turns: 4757, Time: 00:06:35

Health: -9/61      AC: 14    Str: 21    XL:     8   Next: 24%
Magic:  8/8        EV:  9    Int: 16    God:
Gold:   170        SH: 10    Dex: 14    Spells: 7/7 levels left

rFire    . . .     SeeInvis .   a - +0 war axe
rCold    . . .     Gourm    .   c - +0 shield
rNeg     . . .     Faith    .   b - +0 scale mail
rPois    +         Spirit   .   e - +1 helmet
rElec    .         Reflect  .   r - +0 cloak
rCorr    .         Harm     .   w - +0 pair of gloves of Cowardice {rPois MR+ Str+3 Int+4}
MR       +....                  g - +0 pair of boots
Stlth    ..........             (no amulet)
HPRegen  0.20/turn              y - +3 ring of intelligence
MPRegen  0.11/turn              (no ring)

@: no status effects
A: hooves 2, slimy green scales 1, spiny 1
a: no special abilities


You were on level 6 of the Dungeon.
You were not hungry.

You visited 1 branch of the dungeon, and saw 6 of its levels.
You also visited: Sewer.

You collected 170 gold pieces.

Inventory:

Hand Weapons
 a - a +0 war axe (weapon)
Armour
 b - a +0 scale mail (worn)
 c - a +0 shield (worn)
 e - a +1 helmet (worn)
 g - a +0 pair of boots (worn)
 r - a +0 cloak (worn)
 t - a +1 robe of positive energy
 w - the +0 pair of gloves of Cowardice (worn) {rPois MR+ Str+3 Int+4}
   (You found it on level 5 of the Dungeon)

   It affects your strength (+3).
   It affects your intelligence (+4).
   It protects you from poison.
   It affects your resistance to hostile enchantments.
Jewellery
 y - a +3 ring of intelligence (left hand)
Wands
 m - a wand of disintegration (11)
 x - a wand of random effects (15)
Scrolls
 j - 4 scrolls of remove curse
 k - a scroll of immolation {unknown}
 l - 7 scrolls of teleportation
 n - a scroll of fear
 p - 4 scrolls of magic mapping {unknown}
 q - 3 scrolls of fog {unknown}
 v - a scroll of identify
 B - a scroll of blinking {unknown}
Potions
 d - 6 potions of brilliance {unknown}
 h - 3 potions of curing {unknown}
 i - 3 potions of heal wounds {unknown}
 o - a potion of might
 s - 2 potions of mutation {unknown}
 u - a potion of invisibility {unknown}
 z - a potion of flight {unknown}
 A - a potion of lignification {unknown}
Comestibles
 f - 3 rations


   Skills:
 + Level 4.3 Fighting
 + Level 6.5 Axes
 + Level 4.2 Armour
 + Level 2.3 Dodging
 + Level 0.5 Stealth
 + Level 4.7 Shields


You had 7 spell levels left.
You didn't know any spells.
Your spell library was empty.

Dungeon Overview and Level Annotations

Branches:
Dungeon (6/15)
 Temple: D:4-7

Altars:
Dithmenos
Kikubaaqudgha
Nemelex Xobeh
Ru

Shops:
D:5 *


Innate Abilities, Weirdness & Mutations

You have hoof-like feet.
You are partially covered in slimy green scales. (AC +2)
You are partially covered in sharp spines.


Message History

You block the orc warrior's attack.
You hit the orc warrior but do no damage.
The orc warrior is almost dead.
You block the orc warrior's attack.
You barely miss the orc warrior.
The orc warrior is almost dead.
The orc warrior hits you with a +0 halberd.
You closely miss the orc warrior.
The orc warrior is almost dead.
The orc warrior barely misses you.
The orc warrior hits you with a +0 halberd!
* * * LOW HITPOINT WARNING * * *
You hit the orc warrior.
The orc warrior is almost dead.
The orc warrior hits you with a +0 halberd!
* * * LOW HITPOINT WARNING * * *
You closely miss the orc warrior.
The orc warrior is almost dead.
The orc warrior hits you with a +0 halberd!
You die...

##### #.... #.#.#.#
#.#.#.###
#.#.#...###
#.#.......###.####
#.#.....#.@oo.)...
#
#.##.รท###.###.###.
#.##.......#.#
#.#......#.#.#
#......#.#.#.#
###.##.#.#.#.#
#.##.....#.# #
#.####.###.
##.###.####.###


You could see an orc warrior and an orc.

Vanquished Creatures
  Menkaure (D:6)
  An ogre (D:5)
  A centaur (D:5)
  3 bullfrogs
  Crazy Yiuf (D:3)
  2 orc priests (D:4)
  9 orc wizards
  An iguana (D:6)
  A howler monkey skeleton (D:5)
  17 adders
  8 river rats
  3 oozes
  2 worms
  A dart slug (D:2)
  5 leopard geckos
  19 orcs
  10 ball pythons
  4 giant cockroaches
  4 goblins
  10 hobgoblins
  6 jackals
  2 quokkas
  3 bats
  3 frilled lizards
  5 kobolds
  30 rats
152 creatures vanquished.

Notes
Turn   | Place    | Note
-------+----------+-------------------------------------------
     0 | D:1      | galech the Demonspawn Fighter began the quest for the Orb.
     0 | D:1      | Reached XP level 1. HP: 18/18 MP: 1/1
   435 | D:1      | Gained mutation: You are partially covered in slimy green
                  | scales. (AC +2) [demonic ancestry]
   435 | D:1      | Reached XP level 2. HP: 23/24 MP: 2/2
   442 | D:1      | Reached skill level 2 in Axes
   821 | D:2      | Found a faded altar of an unknown god.
   850 | D:2      | Gained mutation: You have large cloven feet. [demonic
                  | ancestry]
   850 | D:2      | Reached XP level 3. HP: 26/29 MP: 3/3
  1068 | D:2      | Reached skill level 1 in Dodging
  1233 | D:3      | Reached XP level 4. HP: 30/35 MP: 4/4
  1264 | D:3      | Found an ancient bone altar of Kikubaaqudgha.
  1271 | D:3      | Found a sparkling altar of Nemelex Xobeh.
  1491 | D:3      | Reached skill level 3 in Axes
  1491 | D:3      | Gained mutation: You have hoof-like feet. [demonic
                  | ancestry]
  1491 | D:3      | Reached XP level 5. HP: 31/41 MP: 5/5
  1549 | D:3      | Found a glowing drain.
  1556 | Sewer    | Entered a sewer
  2216 | Sewer    | Reached XP level 6. HP: 48/48 MP: 6/6
  2258 | Sewer    | Reached skill level 4 in Axes
  2440 | D:3      | Found a sacrificial altar of Ru.
  2563 | D:3      | Found a runed translucent door.
  2564 | D:3      | Noticed Crazy Yiuf
  2686 | D:3      | Killed Crazy Yiuf
  2764 | D:4      | Reached XP level 7. HP: 48/53 MP: 7/7
  2961 | D:4      | Found a shadowy altar of Dithmenos.
  3088 | D:4      | Reached skill level 5 in Axes
  3754 | D:5      | Entered Level 5 of the Dungeon
  3819 | D:5      | Got a pair of dazzling gloves
  3825 | D:5      | Identified the +0 pair of gloves of Cowardice {rPois MR+
                  | Str+3 Int+4} (You found it on level 5 of the Dungeon)
  3868 | D:5      | Found Itofefom's General Store.
  3890 | D:5      | HP: 1/53 [ogre/+0 giant spiked club (18)]
  3891 | D:5      | Reached skill level 6 in Axes
  4220 | D:5      | Gained mutation: You are partially covered in sharp spines.
                  | [demonic ancestry]
  4220 | D:5      | Reached XP level 8. HP: 43/60 MP: 8/8
  4549 | D:6      | Noticed Menkaure
  4552 | D:6      | Killed Menkaure
  4756 | D:6      | HP: 3/61 [orc warrior/+0 halberd (13)]
  4757 | D:6      | Mangled by an orc warrior

Vault maps used:
D:1:      saegor_arrival_simple_b, layout_loops_corners
D:2:      layout_rooms, chequers_ecumenical_altar_simple_redux, st_stairs_4
D:3:      layout_basic, amethyst_overflow_temple_binary,
          lightli_sewer_entry_pipes, lemuel_altar_in_water,
          uniq_crazy_yiuf_cottage
D:4:      layout_layer_cave, nicolae_overflow_crystal_walls, first_ration,
          glass_columns_c, st_stairs_3, grunt_ministairs_7
D:5:      layout_cave_pools, serial_shops, shop
D:6:      layout_basic, grunt_ministairs_11, uniq_menkaure, uniq_edmund
Sewer:    sewer_minmay_w

Skill      XL: |  1  2  3  4  5  6  7  8 |
---------------+-------------------------+-----
Axes           | 2 3 4 6 |  6.5
Armour         | 3 4 |  4.2
Shields        | 3 4 |  4.7
Dodging        | 1 2 |  2.3
Fighting       | 4 |  4.3
Stealth        | |  0.5

Action                   |  1- 3 |  4- 6 |  7- 9 || total
-------------------------+-------+-------+-------++-------
Melee: War axe           |   123 |   276 |   127 ||   526
  Use: Scroll            |       |     3 |       ||     3
       Potion            |       |     2 |     1 ||     3
  Eat: Chunk             |     1 |     6 |     7 ||    14
Armor: Scale mail        |    82 |   149 |    52 ||   283
Dodge: Dodged            |    39 |    89 |    46 ||   174
Block: Shield            |    66 |   173 |    77 ||   316

Table legend:
 A = Non-vault XP
 B = Vault XP
 C = Vault XP percentage of total XP
 D = Non-vault monster count
 E = Vault monster count
 F = Vault count percentage of total count
                 A         B        C        D         E       F
            +---------+---------+-------+---------+---------+-------
      Total |    1041 |     722 |  41.0 |      89 |      63 |  41.4
            +---------+---------+-------+---------+---------+-------
        D:1 |      27 |       0 |   0.0 |      14 |       0 |   0.0
        D:2 |      43 |      17 |  28.3 |      15 |       3 |  16.7
        D:3 |      96 |     109 |  53.2 |      24 |       7 |  22.6
        D:4 |     475 |      21 |   4.2 |      27 |       4 |  12.9
        D:5 |     265 |       0 |   0.0 |       5 |       0 |   0.0
        D:6 |     135 |     172 |  56.0 |       4 |       1 |  20.0
      Sewer |       0 |     403 | 100.0 |       0 |      48 | 100.0
            +---------+---------+-------+---------+---------+-------
